 Dungeon Crawl Stone Soup version 0.23-a0-78-gc252fe1 (webtiles) character file.

241 mhoghedin the Charlatan (level 6, -8/37 HPs)
             Began as a Kobold Artificer on Aug 10, 2018.
             Was a Follower of Uskayaw.
             Killed by divine providence
             ... invoked by an orc priest
              (15 damage)
             ... on level 4 of the Dungeon.
             The game lasted 00:04:53 (2891 turns).

mhoghedin the Charlatan (Kobold Artificer)          Turns: 2891, Time: 00:04:54

Health: -8/37      AC:  5    Str:  9    XL:     6   Next: 30%
Magic:  9/9        EV: 16    Int: 12    God:    Uskayaw [*.....]
Gold:   158        SH:  0    Dex: 18    Spells: 5/5 levels left

rFire    . . .     SeeInvis .   v - +0 dagger (venom)
rCold    . . .     Gourm    .   (shield restricted)
rNeg     . . .     Faith    .   b - +0 leather armour
rPois    .         Spirit   .   s - +0 helmet
rElec    .         Reflect  .   x - +0 cloak
rCorr    .         Harm     .   (no gloves)
MR       .....                  (no boots)
Stlth    ++++......             (no amulet)
HPRegen  0.12/turn              l - ring of stealth {Stlth+}
MPRegen  0.11/turn              (no ring)

@: no status effects
A: small, carnivore
a: Stomp, Renounce Religion


You were on level 4 of the Dungeon.
You worshipped Uskayaw.
Uskayaw was noncommittal.
You were very full.

You visited 1 branch of the dungeon, and saw 4 of its levels.

You collected 158 gold pieces.

Inventory:

Hand Weapons
 a - a +0 short sword
 v - a +0 dagger of venom (weapon)
   (You took it off a goblin on level 3 of the Dungeon)
 y - a +2 falchion of protection
   (You found it on level 3 of the Dungeon)
Missiles
 n - 4 tomahawks of returning (quivered)
 p - 12 tomahawks
 u - 4 curare-tipped needles
Armour
 b - a +0 leather armour (worn)
 s - a +0 helmet (worn)
   (You found it on level 2 of the Dungeon)
 x - a +0 cloak (worn)
   (You found it on level 3 of the Dungeon)
Jewellery
 l - a ring of stealth (left hand) {Stlth+}
   (You found it on level 1 of the Dungeon)
Wands
 c - a wand of flame (11)
 d - a wand of enslavement (14)
 e - a wand of random effects (45)
Scrolls
 g - 3 scrolls of teleportation
 i - a scroll of enchant weapon
 k - 3 scrolls of identify
 t - a scroll of magic mapping {!r}
 w - a scroll of fear {unknown}
Potions
 h - a potion of curing {unknown}
 j - 2 potions of magic
 m - a potion of agility
 o - a potion of flight {unknown}
 q - a potion of invisibility
 r - 2 potions of heal wounds
 z - a potion of haste {unknown}
Comestibles
 f - 5 rations


   Skills:
 + Level 3.0 Fighting
 + Level 3.5 Short Blades
 + Level 3.9 Dodging
 + Level 3.7 Stealth
 + Level 4.8 Evocations


You had 5 spell levels left.
You didn't know any spells.
Your spell library was empty.

Dungeon Overview and Level Annotations

Branches:
Dungeon (4/15)
 Temple: D:4-7

Altars:
Dithmenos
Uskayaw


Innate Abilities, Weirdness & Mutations

You are small and have problems with some larger weapons.
You are carnivorous and can eat meat at any time.


Message History

No target in view!
No target in view!
No target in view!
No target in view!
No target in view!
No target in view!
You see here a glowing falchion.
y - a glowing falchion Your +0 dagger of venom stops dripping with poison.
Your +2 falchion of protection hums with potential!
y - a +2 falchion of protection (weapon)
Search for what [? for help]? dith Unknown command.
Your +2 falchion of protection goes still.
Your +0 dagger of venom begins to drip with poison!
v - a +0 dagger of venom (weapon)
Search for what [Enter for "dith", or ? for help]? uska You see here 22 stones.
You see here a bat skeleton.
There is an open door here.
There is a hide-covered altar of Uskayaw here.
You kneel at the altar of Uskayaw.
Uskayaw welcomes you!
(D) Dungeon
Where to? (Enter - D:3 @ (x,y), ? - help)
There is an open door here.
There is a stone staircase leading down here.
You climb downwards.
A quokka and a skeleton come into view.
There is a stone staircase leading up here.
There are monsters nearby!
The helpless quokka fails to defend itself.
You impale the quokka!!
You kill the quokka!
A quokka skeleton is nearby!
The helpless quokka skeleton fails to defend itself.
You impale the quokka skeleton!!
You destroy the quokka skeleton!
No target in view!
A giant cockroach comes into view.
The helpless giant cockroach fails to defend itself.
You impale the giant cockroach!!
You kill the giant cockroach!
You can now stomp with the beat.
You now have 158 gold pieces (gained 9).
You see here 16 stones.
z - a smoky orange potion
Found a stone staircase leading down.
There is a stone staircase leading down here.
There is a stone staircase leading down here.
You see here 13 arrows.
You open the door.
There is an open door here.
An adder skeleton comes into view.
The helpless adder skeleton fails to defend itself.
You impale the adder skeleton!!
You destroy the adder skeleton!
No target in view!
No target in view!
No target in view!
No target in view!
No target in view!
No target in view!
No target in view!
No target in view!
You open the door.
There is an open door here.
You open the door.
An orc comes into view. It is wielding a club.
An orc is nearby!
There is an open door here.
An orc and an orc wizard come into view.
An orc priest comes into view. It is wielding a short sword.
The orc shouts! x2
An orc priest comes into view. It is wielding a war axe.
The orc priest shouts!
You barely miss the orc.
The orc priest invokes the aid of Beogh against you.
Beogh smites you! The orc misses you.
You take 14 damage, and have 23/37 hp.
MASSIVE DAMAGE!!
The orc priest looks braver for a moment.
There is an open door here.
The orc priest invokes the aid of Beogh against you.
Beogh smites you!
You take 10 damage, and have 14/37 hp.
MASSIVE DAMAGE!!
The orc priest mumbles some strange prayers to Beogh against you.
Beogh smites you!
* * * LOW HITPOINT WARNING * * *
You take 8 damage, and have 6/37 hp.
MASSIVE DAMAGE!!
The orc wizard casts a cantrip, but nothing happens.
There is an open door here.
The orc wizard casts a spell.
The orc wizard flickers and vanishes!
Deactivating autopickup; reactivate with Ctrl-A.
The orc priest mumbles some strange prayers to Beogh against you.
Beogh smites you!
You die...

##..(....##.......##....##.
#.........#.......o'.o..##.
#.........#......o.#.......
#.........#....{...#.......
#.........#....o..##....#..
#.......(.#(.......######..
##.(.##..###o##....# ..
######..##..##...## .
#....@...#....#
#........#....#
#........+....#
####....##...##
###+####...## #.....'.....#
#.....#.....# #.....#.....#
########...##


You could see an orc priest and 2 orcs.

Vanquished Creatures
  An ogre (D:3)
  An orc priest (D:3)
  Terence (D:3)
  An adder (D:3)
  An adder skeleton (D:4)
  A worm (D:3)
  3 dart slugs
  3 leopard geckos
  6 orcs
  7 bats
  2 giant cockroaches
  9 goblins
  10 hobgoblins
  3 jackals (D:3)
  10 kobolds
  2 quokkas
  2 ball pythons (D:1)
  3 frilled lizards
  A quokka skeleton (D:4)
  8 rats
75 creatures vanquished.

Vanquished Creatures (collateral kills)
  2 orcs (D:3)
2 creatures vanquished.

Vanquished Creatures (others)
  A hobgoblin (D:3)
  2 bats (D:3)
3 creatures vanquished.

Grand Total: 80 creatures vanquished

Notes
Turn   | Place    | Note
-------+----------+-------------------------------------------
     0 | D:1      | mhoghedin the Kobold Artificer began the quest for the Orb.
     0 | D:1      | Reached XP level 1. HP: 12/12 MP: 3/3
    80 | D:1      | Reached XP level 2. HP: 16/16 MP: 4/4
   255 | D:1      | Reached skill level 2 in Stealth
   501 | D:1      | Reached skill level 2 in Short Blades
   557 | D:1      | Reached XP level 3. HP: 18/20 MP: 5/5
   858 | D:1      | Reached skill level 4 in Evocations
  1116 | D:2      | Reached skill level 3 in Dodging
  1354 | D:2      | Reached skill level 2 in Fighting
  1587 | D:2      | Reached XP level 4. HP: 23/26 MP: 7/7
  2121 | D:3      | Noticed an ogre
  2126 | D:3      | Killed an ogre
  2126 | D:3      | Reached skill level 3 in Short Blades
  2126 | D:3      | Reached skill level 3 in Stealth
  2126 | D:3      | Reached XP level 5. HP: 31/31 MP: 8/8
  2341 | D:3      | Noticed Terence
  2404 | D:3      | Killed Terence
  2404 | D:3      | Reached XP level 6. HP: 33/36 MP: 9/9
  2527 | D:3      | Reached skill level 3 in Fighting
  2593 | D:3      | Found a hide-covered altar of Uskayaw.
  2593 | D:3      | Found a shadowy altar of Dithmenos.
  2753 | D:3      | Became a worshipper of Uskayaw the Reveler
  2789 | D:4      | Reached * piety under Uskayaw
  2886 | D:4      | HP: 6/37 [orc priest/divine providence (8)]
  2891 | D:4      | Killed from afar by an orc priest

Vault maps used:
D:1:      dpeg_arrival_connections, grunt_decor_arrowhead, feat_on_display
D:2:      kennysheep_big_flooded_room, serial_co_window_serial,
          co_window_corner_a, co_window_cross_1, co_window_paths_b,
          co_window_of_opportunity_a, co_window_of_opportunity_a,
          co_window_corner_cb, co_window_unsneaky_path_e, co_window_corner_ca,
          co_window_corner_ca, co_window_of_opportunity_b, glass_columns_a,
          glass_columns_c, glass_columns_c, glass_columns_a,
          guppyfry_early_orc_mine
D:3:      gammafunk_temple_overflow_elements, first_ration, lemuel_old_faithful,
          uniq_terence
D:4:      cheibriados_altar_1, uniq_eustachio

Skill      XL: |  1  2  3  4  5  6 |
---------------+-------------------+-----
Stealth        | 2 3 |  3.7
Short Blades   | 2 3 |  3.5
Evocations     | 4 |  4.8
Dodging        | 3 |  3.9
Fighting       | 2 3 |  3.0

Action                   |  1- 3 |  4- 6 || total
-------------------------+-------+-------++-------
Melee: Short sword       |   138 |    84 ||   222
       Dagger            |       |    38 ||    38
Throw: Tomahawk          |       |     3 ||     3
Evoke: Wand              |       |     5 ||     5
  Use: Scroll            |     5 |     5 ||    10
       Potion            |       |     1 ||     1
 Stab: Sleeping          |     7 |     7 ||    14
  Eat: Chunk             |     5 |     9 ||    14
Armor: Leather armour    |    23 |    18 ||    41
Dodge: Dodged            |    94 |   105 ||   199

Table legend:
 A = Non-vault XP
 B = Vault XP
 C = Vault XP percentage of total XP
 D = Non-vault monster count
 E = Vault monster count
 F = Vault count percentage of total count
 G = Total turns spent on level
                 A         B        C        D         E       F
            +---------+---------+-------+---------+---------+-------
      Total |     294 |      51 |  14.8 |      67 |      10 |  13.0
            +---------+---------+-------+---------+---------+-------
        D:1 |      48 |       0 |   0.0 |      27 |       0 |   0.0
        D:2 |      19 |      19 |  50.0 |      10 |       9 |  47.4
        D:3 |     217 |      32 |  12.9 |      26 |       1 |   3.7
        D:4 |      10 |       0 |   0.0 |       4 |       0 |   0.0
            +---------+---------+-------+---------+---------+-------

Vault maps used:
D:1:      dpeg_arrival_connections, grunt_decor_arrowhead, feat_on_display
D:2:      kennysheep_big_flooded_room, serial_co_window_serial,
          co_window_corner_a, co_window_cross_1, co_window_paths_b,
          co_window_of_opportunity_a, co_window_of_opportunity_a,
          co_window_corner_cb, co_window_unsneaky_path_e, co_window_corner_ca,
          co_window_corner_ca, co_window_of_opportunity_b, glass_columns_a,
          glass_columns_c, glass_columns_c, glass_columns_a,
          guppyfry_early_orc_mine
D:3:      gammafunk_temple_overflow_elements, first_ration, lemuel_old_faithful,
          uniq_terence
D:4:      cheibriados_altar_1, uniq_eustachio

Table legend:
 A = Turns spent in this place as a percentage of turns spent in the entire game.
 B = Non-inter-level travel turns spent in this place as a percentage of non-inter-level travel turns spent in the entire game.
 C = Inter-level travel turns spent in this place as a percentage of turns spent in this place.
 D = Turns resting spent in this place as a percentage of non-inter-level travel turns spent in this place.
 E = Turns spent auto-exploring this place as a percentage of non-inter-level travel turns spent in this place.
 F = Non-inter-level travel turns spent in this place divided by the number of levels of this place that you've seen.
                   A       B       C       D       E      F
               +-------+-------+-------+-------+-------+----------------------
         Total | 100.0 | 100.0 |   5.0 |  14.0 |  61.1 | 686.5
       Dungeon | 100.0 | 100.0 |   5.0 |  14.0 |  61.1 | 686.5
               +-------+-------+-------+-------+-------+----------------------

Table legend:
 A = Kills in this place as a percentage of kills in entire the game.
 B = Kills by you in this place as a percentage of kills by you in the entire game.
 C = Kills by friends in this place as a percentage of kills by friends in the entire game.
 D = Other kills in this place as a percentage of other kills in the entire game.
 E = Experience gained in this place as a percentage of experience gained in the entire game.
 F = Experience gained in this place divided by the number of levels of this place that you have seen.
                   A       B       C       D       E      F
               +-------+-------+-------+-------+-------+----------------------
         Total | 100.0 | 100.0 | 100.0 |   N/A | 100.0 |  86.2
       Dungeon | 100.0 | 100.0 | 100.0 |   N/A | 100.0 |  86.2
               +-------+-------+-------+-------+-------+----------------------
